 Dungeon Crawl Stone Soup version 0.24.0-37-gcf1ca852f1 (webtiles) character file.

Game seed: 17880667473700382574, levelgen mode: deterministic

3171 FishyPogo the Magician (level 9, -4/63 HPs)
             Began as a Gnoll Skald on Dec 1, 2019.
             Was an Elder of Hepliaklqana.
             Slain by a cyan ugly thing (12 damage)
             ... on level 7 of the Dungeon.
             The game lasted 00:29:54 (5256 turns).

FishyPogo the Magician (Gnoll Skald)                Turns: 5256, Time: 00:29:58

Health: -4/63      AC: 10    Str: 14 (17) XL:     9   Next: 94%
Magic:  8/19       EV: 14    Int: 14 (16) God:    Hepliaklqana [****..]
Gold:   522        SH:  5    Dex: 13 (14) Spells: 7/21 levels left

rFire    x . .     SeeInvis .   a - +1 whip (venom)
rCold    + . .     Gourm    .   o - +0 buckler
rNeg     . . .     Faith    .   J - +0 ring mail (curse)
rPois    .         Spirit   .   M - +2 hat
rElec    .         Reflect  .   e - +0 cloak
rCorr    +         Harm     .   (no gloves)
MR       .....                  t - +0 pair of boots
Stlth    ++........             (no amulet)
HPRegen  0.20/turn              h - ring of ice
MPRegen  0.16/turn              x - ring of resist corrosion

@: flying
A: distributed training, reduced essence, fangs 1, strong nose
a: Recall Ancestor, Ancestor Identity, Transference, Idealise, Renounce Religion


You were on level 7 of the Dungeon.
You worshipped Hepliaklqana.
Hepliaklqana was greatly pleased with you.
You were hungry.

You visited 1 branch of the dungeon, and saw 7 of its levels.

You collected 522 gold pieces.

Inventory:

Hand Weapons
 a - a +1 whip of venom (weapon)
 b - a +2 whip of pain
Missiles
 g - 5 atropa-tipped darts
 l - 5 javelins
 s - 4 silver javelins
 w - 3 boomerangs (quivered)
 y - 73 poisoned darts
Armour
 e - a +0 cloak (worn)
 o - a +0 buckler (worn)
 t - a +0 pair of boots (worn)
 J - a cursed +0 ring mail (worn)
 M - a +2 hat (worn)
 Q - the +9 ring mail of Gojef {Int+3, unknown}
   (You found it on level 7 of the Dungeon)

   It affects your intelligence (+3).
Jewellery
 h - a ring of ice (left hand)
 x - a ring of resist corrosion (right hand)
Wands
 n - a wand of scattershot (7)
 r - a wand of disintegration (15)
 I - a wand of iceblast (7)
 K - a wand of enslavement (11)
Scrolls
 i - a scroll of fog
 j - 3 scrolls of magic mapping
 q - a scroll of vulnerability {unknown}
 B - a scroll of enchant weapon
 D - a scroll of summoning {unknown}
 F - a scroll of blinking
 G - 5 scrolls of identify
 H - 2 scrolls of noise {unknown}
 N - a scroll of immolation
 O - a scroll of remove curse
 P - a scroll of torment {unknown}
Potions
 f - a potion of degeneration
 k - 3 potions of cancellation
 m - 4 potions of curing
 p - a potion of brilliance
 u - a potion of haste {unknown}
 v - a potion of magic
 z - a potion of mutation {unknown}
 A - a potion of flight
 C - a potion of resistance {unknown}
 E - a potion of invisibility {unknown}
 L - a potion of might
Comestibles
 c - 8 chunks of flesh
 d - 16 rations


   Skills:
 + Level 6.6 Fighting
 + Level 4.6 Short Blades
 + Level 4.6 Long Blades
 + Level 4.6 Axes
 + Level 6.6 Maces & Flails
 + Level 4.6 Polearms
 + Level 4.6 Staves
 + Level 4.6 Slings
 + Level 4.6 Bows
 + Level 4.6 Crossbows
 + Level 4.6 Throwing
 + Level 5.4 Armour
 + Level 6.6 Dodging
 + Level 4.6 Stealth
 + Level 4.6 Shields
 + Level 4.6 Unarmed Combat
 + Level 6.9 Spellcasting
 + Level 3.8 Conjurations
 + Level 3.8 Hexes
 + Level 6.7 Charms
 + Level 3.8 Summonings
 + Level 3.8 Necromancy
 + Level 3.8 Translocations
 + Level 3.8 Transmutations
 + Level 3.8 Fire Magic
 + Level 3.8 Ice Magic
 + Level 3.8 Air Magic
 + Level 3.8 Earth Magic
 + Level 3.8 Poison Magic
 + Level 5.1 Invocations
 + Level 4.6 Evocations


You had 7 spell levels left.
You knew the following spells:

 Your Spells              Type           Power        Failure   Level  Hunger
c - Tukima's Dance        Hex            ###.....     17%         3    ##.....
h - Regeneration          Chrm/Necr      ###.......   10%         3    ##.....
n - Spectral Weapon       Hex/Chrm       ###.....     10%         3    ##.....
p - Shroud of Golubria    Chrm/Tloc      ###...       4%          2    #......
u - Song of Slaying       Chrm           ###.....     2%          2    #......
y - Infusion              Chrm           ###.         1%          1    None

Your spell library contained the following spells:

 Spells                   Type           Power        Failure   Level  Hunger
 Corona                   Hex            ###....      5%          1    None
 Ensorcelled Hibernation  Hex/Ice        ###...       9%          2    #......
 Confuse                  Hex            ###.....     17%         3    ##.....
 Dazzling Spray           Conj/Hex       ###...       17%         3    ##.....


Dungeon Overview and Level Annotations

Branches:
Dungeon (7/15)             Temple (0/1) D:7

Altars:
Elyvilon
Fedhas
Hepliaklqana
Nemelex Xobeh
Qazlal
Trog
Uskayaw
Vehumet
Yredelemnul
Zin
The Shining One

Shops:
D:5 *

Annotations:
D:5 1 runed translucent door, Froggeryz's ghost, novice OpTm


Innate Abilities, Weirdness & Mutations

Your experience applies equally to all skills.
You have very sharp teeth.
Your uncanny sense of smell can sniff out nearby items.
Your life essence is reduced to manifest your ancestor. (-10% HP)


Message History

Gaius hits the cyan ugly thing with a +0 dagger of draining.
Gaius drains the cyan ugly thing.
The shadow imp hits Gaius.
The cyan ugly thing completely misses Gaius.
You are feeling hungry.
Gaius hits the cyan ugly thing but does no damage.
The shadow imp hits Gaius.
It was a potion of flight.
You feel very buoyant.
You fly up into the air.
Gaius barely misses the cyan ugly thing.
The shadow imp hits Gaius.
The cyan ugly thing completely misses you.
It was a potion of degeneration.
There was something very wrong with that liquid.
You feel weakened.
You feel dopey.
You feel clumsy.
Gaius closely misses the cyan ugly thing.
The shadow imp hits Gaius.
The cyan ugly thing gores you!
* * * LOW HITPOINT WARNING * * *
The cyan ugly thing shocks you!
You die...

..................
#######..#.##.######
#P...P#.##.#..#P...P
#.###.#.##..#.#.#+#.
+/#.'..#.#..#.#?#.
#5###.#.#...#.#.###.
#Pu..P#.#..##.#P..÷P
#.#######.#.#.#.###÷##
#....@uR5.#####...R...
#.##.#..##.##...###.##
#..#.#....#..#......
####..#####.#.##R###
##...#..#.#.(....
.#.###.##.##.#..####.
#.........#..#....####
#.###+###.###........#
∆ #...####.##..#


You could see the friendly Gaius the hexer, a cyan ugly thing and a shadow imp.

Vanquished Creatures
  2 hippogriffs
  Sigmund (D:4)
  A sky beast (D:6)
  A black bear (D:7)
  2 phantoms (D:4)
  An ice beast (D:6)
  2 ogres
  Blork the orc (D:5)
  2 bullfrogs
  2 scorpions
  A howler monkey (D:7)
  2 crimson imps
  4 hounds
  4 orc priests
  3 jellies
  Natasha (twice) (D:2)
  A worker ant (D:7)
  3 orc wizards
  A worker ant zombie (D:4)
  6 gnolls
  7 adders
  3 shadow imps
  2 adder skeletons
  An adder zombie (D:5)
  3 worms
  3 dart slugs
  5 leopard geckos
  17 orcs
  3 bats
  4 giant cockroaches
  5 goblins
  4 hobgoblins
  4 jackals
  3 kobolds (D:3)
  3 ball pythons
  3 frilled lizards
  A leopard gecko zombie (D:5)
  11 rats
124 creatures vanquished.

Vanquished Creatures (collateral kills)
  A sky beast (D:7)
  An ice beast (D:7)
  An ogre (D:5)
  A bullfrog (D:6)
  A scorpion (D:4)
  2 howler monkeys
  A crimson imp (D:7)
  2 hounds
  A jelly (D:6)
  Natasha (D:2)
  An iguana (D:5)
  5 orc wizards
  2 worker ants (D:4)
  2 adders
  A gnoll (D:5)
  A shadow imp (D:6)
  8 orcs
  A bat (D:3)
  2 hobgoblins
  4 jackals
  3 kobolds (D:3)
  A quokka (D:3)
  2 frilled lizards
  2 rats
47 creatures vanquished.

Vanquished Creatures (others)
  A wizard (D:5)
  Ijyb (D:5)
  An ancestor (D:2)
  A spectral weapon (D:5)
4 creatures vanquished.

Grand Total: 175 creatures vanquished

Notes
Turn   | Place    | Note
-------+----------+-------------------------------------------
     0 | D:1      | FishyPogo the Gnoll Skald began the quest for the Orb.
     0 | D:1      | Reached XP level 1. HP: 20/20 MP: 6/6
   192 | D:2      | Found a hazy altar of Hepliaklqana.
   201 | D:2      | Reached XP level 2. HP: 26/26 MP: 5/7
   209 | D:2      | Became a worshipper of Hepliaklqana the Forgotten
   425 | D:1      | Reached XP level 3. HP: 16/27 MP: 2/9
   540 | D:1      | Reached skill level 5 in Spellcasting
   679 | D:2      | Reached * piety under Hepliaklqana
   720 | D:2      | Learned a level 2 spell: Song of Slaying
   723 | D:2      | Learned a level 2 spell: Shroud of Golubria
   727 | D:2      | Learned a level 3 spell: Regeneration
   731 | D:2      | Learned a level 3 spell: Spectral Weapon
   818 | D:2      | Reached skill level 1 in Invocations
   856 | D:2      | Noticed Natasha
   869 | D:2      | Killed Natasha
   869 | D:2      | Reached skill level 1 in Short Blades
   869 | D:2      | Reached skill level 1 in Long Blades
   869 | D:2      | Reached skill level 1 in Axes
   869 | D:2      | Reached skill level 1 in Polearms
   869 | D:2      | Reached skill level 1 in Staves
   869 | D:2      | Reached skill level 1 in Slings
   869 | D:2      | Reached skill level 1 in Bows
   869 | D:2      | Reached skill level 1 in Crossbows
   869 | D:2      | Reached skill level 1 in Throwing
   869 | D:2      | Reached skill level 1 in Stealth
   869 | D:2      | Reached skill level 1 in Shields
   869 | D:2      | Reached skill level 1 in Unarmed Combat
   869 | D:2      | Reached skill level 1 in Evocations
   869 | D:2      | Reached XP level 4. HP: 19/34 MP: 4/11
  1138 | D:2      | Noticed Natasha
  1144 | D:2      | Killed Natasha
  1144 | D:2      | Reached skill level 1 in Conjurations
  1144 | D:2      | Reached skill level 1 in Hexes
  1144 | D:2      | Reached skill level 1 in Summonings
  1144 | D:2      | Reached skill level 1 in Necromancy
  1144 | D:2      | Reached skill level 1 in Translocations
  1144 | D:2      | Reached skill level 1 in Transmutations
  1144 | D:2      | Reached skill level 1 in Fire Magic
  1144 | D:2      | Reached skill level 1 in Ice Magic
  1144 | D:2      | Reached skill level 1 in Air Magic
  1144 | D:2      | Reached skill level 1 in Earth Magic
  1144 | D:2      | Reached skill level 1 in Poison Magic
  1249 | D:2      | Found a radiant altar of Vehumet.
  1251 | D:2      | Found a glowing golden altar of the Shining One.
  1255 | D:2      | Found a white marble altar of Elyvilon.
  1256 | D:2      | Found a basalt altar of Yredelemnul.
  1333 | D:2      | Noticed Natasha
  1348 | D:2      | Killed Natasha
  1348 | D:2      | Reached XP level 5. HP: 28/38 MP: 8/12
  1712 | D:3      | Found a sparkling altar of Nemelex Xobeh.
  2231 | D:4      | Reached ** piety under Hepliaklqana
  2231 | D:4      | Noticed a phantom
  2232 | D:4      | Remembered your ancestor Gaius as a hexer
  2232 | D:4      | Noticed a phantom
  2386 | D:4      | Reached XP level 6. HP: 33/45 MP: 7/13
  2391 | D:4      | Noticed a hippogriff
  2398 | D:4      | Killed a hippogriff
  2398 | D:4      | Reached skill level 5 in Fighting
  2398 | D:4      | Reached skill level 5 in Maces & Flails
  2398 | D:4      | Reached skill level 5 in Dodging
  2398 | D:4      | Reached XP level 7. HP: 24/50 MP: 8/15
  2893 | D:4      | Noticed Sigmund
  2927 | D:4      | HP: 2/50 [something (12)]
  2954 | D:4      | Killed Sigmund
  2954 | D:4      | Reached XP level 8. HP: 26/56 MP: 6/16
  3114 | D:5      | Entered Level 5 of the Dungeon
  3114 | D:5      | Noticed Blork the orc
  3138 | D:5      | Found a stormy altar of Qazlal.
  3204 | D:5      | Found a bloodstained altar of Trog.
  3205 | D:5      | Noticed a wizard
  3211 | D:5      | Killed a wizard
  3287 | D:5      | Found a blossoming altar of Fedhas.
  3356 | D:5      | Found Zachad's General Store.
  3396 | D:5      | Killed Blork the orc
  3405 | D:5      | Noticed Froggeryz's ghost (novice OpTm)
  3417 | D:5      | Found a runed translucent door.
  3584 | D:5      | Reached *** piety under Hepliaklqana
  3586 | D:5      | Noticed Ijyb
  3592 | D:5      | Killed Ijyb
  3592 | D:5      | Reached XP level 9. HP: 51/62 MP: 6/18
  3985 | D:6      | Found a glowing silver altar of Zin.
  4087 | D:6      | Found a white marble altar of Elyvilon.
  4202 | D:6      | Learned a level 3 spell: Tukima's Dance
  4688 | D:7      | Found a staircase to the Ecumenical Temple.
  4714 | D:7      | Found a hide-covered altar of Uskayaw.
  4728 | D:7      | Reached skill level 5 in Armour
  4814 | D:7      | Reached **** piety under Hepliaklqana
  5169 | D:7      | Reached skill level 5 in Invocations
  5232 | D:7      | Got a twisted ring mail
  5237 | D:7      | Noticed a cyan ugly thing
  5256 | D:7      | Slain by a cyan ugly thing

Levels and vault maps discovered:
D:1:      lightli_arrival_noodles, layout_rooms
D:2:      layout_loops_corners, minitemple, overflow_temple_1_default,
          first_ration, minmay_rat_gold_closets, uniq_natasha
D:3:      layout_loops_ring, nemelex_xobeh_ov_fountains_minmay,
          minmay_misc_feat_rugged
D:4:      layout_gridville, serial_bayou, serial_bayou_crossing,
          serial_bayou_shore_b, serial_bayou_pond_b, serial_bayou_pond_d,
          uniq_sigmund
D:5:      layout_rooms, grunt_temple_overflow_forces_of_nature, serial_shops,
          shop, hellmonk_ghost_happy_afterlife, trog_wizard, uniq_blork_the_orc,
          uniq_ijyb
D:6:      layout_loops_corners, overflow_temple_1_default, basic_altar
D:7:      layout_gridville, eat_drink_and_be_merry_uskayaw,
          minmay_temple_entry_mini_moons, minmay_shattered_shrine

Skill      XL: |  1  2  3  4  5  6  7  8  9 |
---------------+----------------------------+-----
Spellcasting   | 5 6 |  6.9
Invocations    | 1 2 3 4 5 |  5.1
Short Blades   | 1 2 3 4 |  4.6
Long Blades    | 1 2 3 4 |  4.6
Axes           | 1 2 3 4 |  4.6
Polearms       | 1 2 3 4 |  4.6
Staves         | 1 2 3 4 |  4.6
Slings         | 1 2 3 4 |  4.6
Bows           | 1 2 3 4 |  4.6
Crossbows      | 1 2 3 4 |  4.6
Throwing       | 1 2 3 4 |  4.6
Stealth        | 1 2 3 4 |  4.6
Shields        | 1 2 3 4 |  4.6
Unarmed Combat | 1 2 3 4 |  4.6
Evocations     | 1 2 3 4 |  4.6
Conjurations   | 1 2 3 |  3.8
Hexes          | 1 2 3 |  3.8
Summonings     | 1 2 3 |  3.8
Necromancy     | 1 2 3 |  3.8
Translocations | 1 2 3 |  3.8
Transmutations | 1 2 3 |  3.8
Fire Magic     | 1 2 3 |  3.8
Ice Magic      | 1 2 3 |  3.8
Air Magic      | 1 2 3 |  3.8
Earth Magic    | 1 2 3 |  3.8
Poison Magic   | 1 2 3 |  3.8
Armour         | 3 4 5 |  5.4
Fighting       | 5 6 |  6.6
Maces & Flails | 5 6 |  6.6
Dodging        | 5 6 |  6.6
Charms         | 6 |  6.7

Action                   |  1- 3 |  4- 6 |  7- 9 || total
-------------------------+-------+-------+-------++-------
Melee: Mace              |    57 |    95 |    94 ||   246
       Bite              |     2 |     5 |    31 ||    38
       Punch             |       |     1 |     1 ||     2
       Whip              |       |       |   183 ||   183
Throw: Dart              |     5 |       |       ||     5
       Javelin           |     3 |       |       ||     3
       Stone             |       |     1 |       ||     1
 Cast: Infusion          |     6 |       |     4 ||    10
       Spectral Weapon   |     2 |     5 |    32 ||    39
       Regeneration      |     1 |     3 |    10 ||    14
       Shroud of Golubri |     1 |     1 |     5 ||     7
       Song of Slaying   |       |     2 |     7 ||     9
Invok: Ancestor Life: He |       |     1 |       ||     1
       Recall Ancestor   |       |       |     1 ||     1
  Use: Scroll            |       |     7 |     2 ||     9
       Potion            |       |       |     6 ||     6
 Stab: Distracted        |       |     1 |     5 ||     6
       Confused          |       |     1 |     2 ||     3
  Eat: Chunk             |       |     6 |    12 ||    18
Armor: Leather armour    |    16 |       |       ||    16
       Robe              |       |    17 |    25 ||    42
       Ring mail         |       |       |    44 ||    44
Dodge: Dodged            |    45 |    66 |   185 ||   296
Block: Buckler           |       |       |    37 ||    37
